 Dungeon Crawl Stone Soup version 0.30-a0-6-g7c9e10e132 (webtiles) character file.

Game seed: 3606436424340583894

4853 Zeld the Ogre Mage (level 10, -15/81 HPs)
             Began as an Ogre Fire Elementalist on Aug 22, 2022.
             Was an Initiate of Gozag.
             Demolished by a polar bear (16 damage)
             ... on level 8 of the Dungeon on Aug 23, 2022.
             The game lasted 00:15:51 (12506 turns).

Zeld the Ogre Mage (Ogre Fire Elementalist)        Turns: 12506, Time: 00:15:52

Health: -15/81     AC:  3    Str: 14    XL:     10   Next: 49%
Magic:  14/22      EV: 10    Int: 20    God:    Gozag
Gold:   102        SH:  0    Dex:  9    Spells: 9/25 levels left

rFire   . . .      SeeInvis .    n - +1 dagger (venom)
rCold   + . .      Faith    .    (no shield)
rNeg    . . .      Spirit   .    i - +0 robe
rPois   .          Reflect  .    (helmet restricted)
rElec   .          Harm     .    (no cloak)
rCorr   .          Rampage  .    (gloves unavailable)
Will    ++...                    (boots unavailable)
Stlth   ++........               (no amulet)
HPRegen 0.23/turn                p - ring of protection from cold
MPRegen 0.18/turn                t - ring of willpower

@: lethally poisoned (-15 -> -26)
A: large, unfitting armour, tough skin 1
a: Renounce Religion, Potion Petition, Call Merchant, Bribe Branch


You were on level 8 of the Dungeon.
You worshipped Gozag.
Gozag was aware of your devotion.
You visited 2 branches of the dungeon, and saw 9 of its levels.

You collected 927 gold pieces.
You spent 56 gold pieces at shops.
You paid 769 gold pieces to Gozag.

Inventory:

Hand Weapons
 a - the +10 sling of Juamas {venom, rN+++ Will- Dex-3 Stlth+}
   (You took it off a hobgoblin on level 2 of the Dungeon)

   Any ammunition fired from it poisons the flesh of those it strikes.
   Dex:       It affects your dexterity (-3).
   rN:        It renders you almost immune to negative energy.
   Will:      It decreases your willpower.
   Stlth:     It makes you more stealthy.
 n - a +1 dagger of venom (weapon)
Missiles
 B - 2 throwing nets
Armour
 i - a +0 robe (worn)
Jewellery
 p - a ring of protection from cold (left hand)
 t - a ring of willpower (right hand)
Wands
 e - a wand of iceblast (18)
 r - a wand of flame (31)
 v - a wand of mindburst (15)
 y - a wand of light (12)
Scrolls
 f - a scroll of enchant weapon
 h - a scroll of enchant armour
 j - a scroll of amnesia
 s - 2 scrolls of poison
 x - 2 scrolls of noise {unknown}
 z - a scroll of torment {unknown}
Potions
 b - 2 potions of magic
 d - 2 potions of mutation {unknown}
 g - 3 potions of cancellation
 k - 3 potions of curing {unknown}
 l - a potion of flight {unknown}
 m - 4 potions of berserk rage
 o - 2 potions of degeneration {unknown}
 q - a potion of invisibility {unknown}
 u - 2 potions of might {unknown}
 A - a potion of brilliance {unknown}


   Skills:
 * Level 5.1 Ranged Weapons
 + Level 4.9 Dodging
 + Level 4.4 Stealth
 * Level 8.3 Spellcasting
 + Level 4.5 Conjurations
 * Level 7.1 Fire Magic


You had 9 spell levels left.
You knew the following spells:

 Your Spells              Type           Power      Damage    Failure   Level
a - Foxfire               Conj/Fire      100%       2x1d9     1%          1
b - Scorch                Fire           72%        2d9       1%          2
c - Inner Flame           Hex/Fire       22%        N/A       6%          3
d - Flame Wave            Conj/Fire      31%        2d9       8%          4
q - Mephitic Cloud        Conj/Pois/Air  14%        N/A       13%         3
w - Ignite Poison         Fire/Tmut/Pois 17%        N/A       10%         3

Your spell library contained the following spells:

 Spells                   Type           Power      Damage    Failure   Level
 Conjure Flame            Conj/Fire      31%        6-21      2%          3
 Freeze                   Ice            32%        1d5       9%          1
 Confusing Touch          Hex            8%         N/A       26%         3
 Frozen Ramparts          Ice            16%        1d3       26%         3
 Gell's Gravitas          Tloc           8%         N/A       26%         3
 Teleport Other           Tloc           8%         N/A       26%         3
 Hailstorm                Conj/Ice       17%        3d6       32%         4
 Freezing Cloud           Conj/Ice/Air   7%         6-21      77%         5
 Yara's Violent Unravell  Hex/Tmut       4%         3d4       93%         5
 Dispersal                Tloc           4%         N/A       100%        6
 Enfeeble                 Hex            4%         N/A       100%        7


Dungeon Overview and Level Annotations

Branches:
Dungeon (8/15)             Temple (1/1) D:5
   Lair: D:8-11

Altars:
Cheibriados
Dithmenos
Elyvilon
Fedhas
Gozag
Hepliaklqana
Kikubaaqudgha
Makhleb
Nemelex Xobeh
Okawaru
Qazlal
Ru
Trog
Vehumet
Wu Jian
Xom
Yredelemnul
Zin
The Shining One

Shops:
D:7 (   D:8 *

Annotations:
D:6 Maggie


Innate Abilities, Weirdness & Mutations

You are too large for most types of armour.
You have tough skin. (AC +1)


Message History

The howler monkey simulacrum attacks as you move away!
The howler monkey simulacrum closely misses you.
The orc priest calls down the wrath of Beogh upon you.
Beogh smites you!
* * * LOW HITPOINT WARNING * * *
The howler monkey simulacrum attacks as you move away!
The howler monkey simulacrum hits you.
* * * LOW HITPOINT WARNING * * *
The howler monkey simulacrum freezes you.
You resist.
* * * LOW HITPOINT WARNING * * *
An orc comes into view. It is wielding a +1 hand axe of venom.
Okay, then.
As you read the scroll of fog, it crumbles to dust.
The scroll dissolves into smoke.
Unknown command.
You feel much better.
The polar bear attacks as you move away!
The polar bear bites you!
The polar bear claws you but does no damage.
The polar bear claws you.
An orc comes into view. It is wielding a +0 dagger.
The orc shouts! x2; You hear an angry buzzing noise.
A hornet comes into view.
The orc hits you but does no damage.
You are poisoned.
You closely miss the orc.
You feel sick. The polar bear bites you!
* * * LOW HITPOINT WARNING * * *
The polar bear claws you.
* * * LOW HITPOINT WARNING * * *
The polar bear closely misses you. The orc hits you but does no damage. x2
You are more poisoned.
The polar bear bites you!
* * * LOW HITPOINT WARNING * * *
The polar bear closely misses you. The polar bear barely misses you.
* * * LOW HITPOINT WARNING * * *
You feel very sick. The polar bear bites you!
You die...
Your body crumbles into a pile of gold.

#########
#..Z§§§§##
#..###§§§#
#§§#.##Z§##
#)...§§§h§##
#.#..##o§@.#
#...o#o.ho.#
#..!.......#
#.###...##'#
#........>.y.#
#########.##...
....... ..o..o
..$...


You could see 2 polar bears, a hornet, a howler monkey simulacrum and 3 orcs.

Vanquished Creatures
  Pikel (D:5)
  Prince Ribbit (D:5)
  Grinder (D:5)
  2 polar bears (D:8)
  Sigmund (D:5)
  A wyvern (D:6)
  4 yaks (D:8)
  A water moccasin (D:6)
  Duvessa (D:6)
  An ice beast (D:7)
  An ogre (D:7)
  2 sky beasts (D:7)
  2 black bears
  2 centaurs (D:7)
  A wolf (D:8)
  A phantom (D:5)
  A kobold brigand (D:7)
  A gnoll sergeant (D:8)
  4 necrophages
  2 bullfrogs (D:7)
  2 scorpions
  Dowan (D:6)
  4 killer bees (D:7)
  An electric eel (D:8)
  4 hounds
  A jelly (D:5)
  3 orc priests (D:5)
  2 iguanas (D:5)
  4 orc wizards
  Robin (D:3)
  6 adders
  5 gnolls (D:8)
  2 shadow imps
  4 white imps
  4 ufetubi
  A worm (D:2)
  2 dart slugs
  13 orcs
  7 endoplasms
  3 giant cockroaches
  17 goblins
  7 hobgoblins
  8 jackals (D:3)
  11 kobolds
  5 quokkas
  3 ball pythons
  7 bats
  4 frilled lizards
  10 rats
173 creatures vanquished.

Vanquished Creatures (collateral kills)
  2 killer bees (D:7)
2 creatures vanquished.

Vanquished Creatures (others)
  66 foxfires
  6 fungi (D:7)
  2 plants (D:7)
74 creatures vanquished.

Grand Total: 249 creatures vanquished

Notes
Turn   | Place    | Note
-------+----------+-------------------------------------------
     0 | D:1      | Zeld the Ogre Fire Elementalist began the quest for the
                  | Orb.
     0 | D:1      | Reached XP level 1. HP: 16/16 MP: 3/3
   223 | D:1      | Reached skill level 1 in Conjurations
   237 | D:1      | Reached XP level 2. HP: 24/24 MP: 0/5
   240 | D:1      | Learned a level 2 spell: Scorch
   958 | D:1      | Reached XP level 3. HP: 31/31 MP: 4/7
  1123 | D:1      | Reached skill level 3 in Spellcasting
  1375 | D:2      | Identified the +10 sling of Juamas {venom, rN+++ Will-
                  | Dex-3 Stlth+}
  2015 | D:2      | Reached XP level 4. HP: 39/39 MP: 3/8
  2194 | D:2      | Learned a level 3 spell: Inner Flame
  2998 | D:2      | Reached XP level 5. HP: 33/45 MP: 0/10
  3017 | D:2      | Learned a level 4 spell: Flame Wave
  3105 | D:3      | Reached skill level 1 in Ranged Weapons
  3288 | D:3      | Noticed Robin
  3297 | D:3      | Killed Robin
  3488 | D:3      | Found a faded altar of an unknown god.
  3882 | D:4      | Noticed a black bear
  3942 | D:3      | Killed a black bear
  3943 | D:3      | Reached skill level 4 in Spellcasting
  3943 | D:3      | Reached XP level 6. HP: 8/53 MP: 0/12
  4360 | D:4      | Found a bloodstained altar of Trog.
  4389 | D:4      | Noticed a black bear
  4398 | D:4      | Killed a black bear
  4641 | D:4      | Found a radiant altar of Vehumet.
  5158 | D:4      | Found a basalt altar of Yredelemnul.
  5348 | D:5      | Entered Level 5 of the Dungeon
  5353 | D:5      | Found a staircase to the Ecumenical Temple.
  5361 | Temple   | Entered the Ecumenical Temple
  5367 | Temple   | Became a worshipper of Gozag Ym Sagoz the Greedy
  5631 | D:5      | Noticed Grinder
  5636 | D:5      | Killed Grinder
  5637 | D:5      | Reached XP level 7. HP: 59/59 MP: 2/14
  5845 | D:5      | Found a white marble altar of Elyvilon.
  5983 | D:5      | Reached skill level 5 in Spellcasting
  5988 | D:6      | Noticed Maggie
  6487 | D:5      | Reached XP level 8. HP: 67/67 MP: 8/15
  6553 | D:5      | Noticed Pikel
  6560 | D:5      | Killed Pikel
  6561 | D:5      | Reached skill level 5 in Fire Magic
  6566 | D:5      | Noticed Sigmund
  7047 | D:5      | Noticed Prince Ribbit
  7054 | D:5      | Killed Prince Ribbit
  7055 | D:5      | Reached skill level 6 in Spellcasting
  7469 | D:5      | Killed Sigmund
  7470 | D:5      | Reached XP level 9. HP: 74/74 MP: 11/18
  7671 | D:5      | Learned a level 3 spell: Ignite Poison
  7675 | D:5      | Learned a level 3 spell: Mephitic Cloud
  7787 | D:6      | Identified the +6 spear "Loopy" {pain, Will+ Str+3}
  7834 | D:6      | Found a burning altar of Makhleb.
  7837 | D:6      | Noticed Dowan
  7838 | D:6      | Noticed Duvessa
  7873 | D:6      | Killed Duvessa
  8063 | D:6      | Killed Dowan
  8775 | D:6      | Reached skill level 7 in Spellcasting
  9489 | D:7      | Found a glowing golden altar of the Shining One.
 10420 | D:7      | Found a blossoming altar of Fedhas.
 10774 | D:7      | Reached XP level 10. HP: 76/81 MP: 14/21
 11195 | D:7      | Found a stormy altar of Qazlal.
 11236 | D:7      | Found Apaluf's Weapon Boutique.
 11730 | D:8      | Reached skill level 8 in Spellcasting
 11892 | D:8      | Reached skill level 5 in Ranged Weapons
 12389 | D:8      | Bought a scroll of fog for 56 gold pieces
 12505 | D:8      | HP: 4/81 [polar bear (11)]
 12506 | D:8      | HP: 1/81 [poisoned by an orc]
 12506 | D:8      | Demolished by a polar bear

Illustrated notes

Levels and vault maps discovered:
D:1:      ncdulo_watergridlock, layout_loops_ring
D:2:      layout_basic
D:3:      layout_rooms, shapermc_ecumenical_altar_starsandcircs, uniq_robin
D:4:      layout_basic, mainiacjoe_overflow_six_doors_small,
          trog_ov_bears_minmay, fiery_altar_vehumet, serial_rivers,
          chequers_serial_rivers_small_3, chequers_serial_rivers_room_b,
          chequers_serial_rivers_micro_a, chequers_serial_rivers_room_b,
          chequers_serial_rivers_small_3, chequers_serial_rivers_micro_b,
          nicolae_titane
D:5:      layout_loops_ring, lemuel_crystal_altar, minmay_temple_entry_statues,
          uniq_grinder, uniq_sigmund, uniq_prince_ribbit1, uniq_pikel
D:6:      layout_rooms, mainiacjoe_overflow_alcove_4, uniq_duvessa, uniq_maggie
D:7:      layout_basic, grunt_temple_overflow_forces_of_nature,
          mainiacjoe_overflow_boulevard, serial_shops,
          nicolae_shop_bloodbath_and_beyond, nicolae_figureground_pulse
D:8:      layout_basic, nicolae_sif_muna_condensation, lemuel_tele_altar,
          serial_ice, serial_ice_k, serial_ice_b, serial_ice_o, serial_ice_c,
          serial_ice_e, serial_ice_m, serial_ice_f, serial_ice_h, serial_ice_g,
          serial_ice_d, minmay_misc_feat_rows, uniq_gastronok
Temple:   nicolae_temple_ecumenical_triangle

Skill      XL: |  1  2  3  4  5  6  7  8  9 10 |
---------------+-------------------------------+-----
Conjurations   | 1 2 3 4 |  4.5
Fire Magic     | 3 4 5 6 7 |  7.1
Spellcasting   | 3 4 5 6 7 8 |  8.3
Dodging        | 2 3 4 |  4.9
Stealth        | 2 3 4 |  4.4
Ranged Weapons | 1 2 3 4 5 |  5.1

Action                   |  1- 3 |  4- 6 |  7- 9 | 10-12 || total
-------------------------+-------+-------+-------+-------++-------
Melee: Unarmed           |    19 |     1 |       |       ||    20
       Dagger            |       |    41 |     9 |     1 ||    51
 Fire: Sling             |     5 |       |       |       ||     5
 Cast: Foxfire           |    19 |     8 |    11 |     4 ||    42
       Scorch            |    33 |    64 |    91 |    46 ||   234
       Inner Flame       |       |     3 |    17 |    11 ||    31
Invok: Call Merchant     |       |       |       |     1 ||     1
Evoke: Wand              |       |       |     1 |       ||     1
  Use: Scroll            |       |     9 |     1 |     5 ||    15
       Potion            |       |       |       |     6 ||     6
Armor: Robe              |    30 |    47 |     6 |     6 ||    89
Dodge: Dodged            |    26 |    76 |    28 |    34 ||   164

Table legend: (Time is in decaauts)
 A = Elapsed time spent in this place.
 B = Non-inter-level travel time spent in this place.
 C = Inter-level travel time spent in this place.
 D = Time resting spent in this place.
 E = Time spent auto-exploring this place.
 F = Levels seen in this place.
 G = Mean time per level.
                   A        B        C        D        E       F      G
               +--------+--------+--------+--------+--------+-----+--------+
         Total |  12552 |  12268 |    284 |   4598 |   6098 |   9 | 1394.7 |
       Dungeon |  12502 |  12230 |    272 |   4598 |   6073 |   8 | 1562.8 |
        Temple |     49 |     37 |     12 |      0 |     25 |   1 |   49.0 |
               +--------+--------+--------+--------+--------+-----+--------+

Top non-repeatable levels by time:
     D:5: 2793 daAuts
     D:7: 2058 daAuts
     D:6: 1766 daAuts
     D:2: 1567 daAuts
     D:3: 1440 daAuts
     D:1: 1212 daAuts
     D:4: 1156 daAuts
     D:8: 506 daAuts
  Temple: 49 daAuts
